 Dungeon Sprint DCSS version 0.20-a0-910-gb611367 (webtiles) character file.

489058 Loading the End of an Era (level 20, 197/197 HPs)
             Began as a Formicid Fighter on Mar 24, 2017.
             Was the Champion of Qazlal.
             Escaped with the Orb!
             The game lasted 00:34:07 (5210 turns).

Loading the End of an Era (Formicid Fighter)        Turns: 5210, Time: 00:34:07

Health: 197/197    AC: 44    Str: 30    XL:     20   Next: 82%
Magic:  37/37      EV: 27    Int:  9    God:    Qazlal [******]
Gold:   0          SH: 56    Dex: 35    Spells: 19/19 levels left

rFire    + + +     SeeInvis +   H - +7 great mace "Firestarter" {inner flame, rF++}
rCold    + + .     Gourm    .   J - +12 gold dragon scales
rNeg     + . .     Faith    .   G - +18 shield of the Gong {rElec rN+ MR+ EV-5}
rPois    +         Spirit   .   (helmet unavailable)
rElec    +         Reflect  +   I - scarf "Iclugy" {rF++ MR- Regen+ Slay+6}
rCorr    .         Harm     .   X - +0 pair of fencer's gloves {+Riposte Dex+3}
MR       ++...                  B - +1 pair of boots of Sant {Str+2 Dex+6}
Stlth    ..........             S - brooch of Shielding {Reflect SH+8}
Regen    0.9/turn               K - ring "Veranais" {-Tele rC+ Str+5 Dex+4 Stlth+}
MPRegen  0.3/turn               w - +6 ring of dexterity

@: repel missiles
A: permanent stasis, dig shafts and tunnels, four strong arms, antennae 3
0: Orb of Zot
a: Dig, Upheaval, Elemental Force, Disaster Area, Renounce Religion


You escaped.
You worshipped Qazlal.
Qazlal was exalted by your worship.
You were not hungry.

You visited 1 branch

Inventory:

Hand Weapons
 H - the +7 great mace "Firestarter" (weapon) {inner flame, rF++}
   (You found it in the Dungeon)

   It has been specially enchanted to burn those struck by it, causing extra
   injury to most foes and up to half again as much damage against particularly
   susceptible opponents.
   It greatly protects you from fire.
Armour
 y - the +0 cloak of Magic {Dex+2 Stlth+}
   (You found it in the Dungeon)

   It affects your dexterity (+2).
   It makes you more stealthy.
 B - the +1 pair of boots of Sant (worn) {Str+2 Dex+6}
   (You found it in the Dungeon)

   It affects your strength (+2).
   It affects your dexterity (+6).
 G - the +18 shield of the Gong (worn) {rElec rN+ MR+ EV-5}
   (You found it in the Dungeon)

   It affects your evasion (-5).
   It insulates you from electricity.
   It protects you from negative energy.
   It affects your resistance to hostile enchantments.
 I - the scarf "Iclugy" (worn) {rF++ MR- Regen+ Slay+6}
   (You acquired it in the Dungeon)

   It affects your accuracy and damage with ranged weapons and melee attacks
   (+6).
   It greatly protects you from fire.
   It affects your resistance to hostile enchantments.
   It increases your rate of regeneration.
 J - +12 gold dragon scales (worn)
 M - a +2 pair of gloves of dexterity
 X - the +0 pair of fencer's gloves (worn) {+Riposte Dex+3}
   (You found it in the Dungeon)

   It affects your dexterity (+3).
Jewellery
 w - a +6 ring of dexterity (left hand)
 x - the ring of the Monkey {Int+2 Dex+6 Slay+2 Stlth+}
   (You found it in the Dungeon)

   [ring of dexterity]

   It affects your intelligence (+2).
   It affects your dexterity (+6).
   It affects your accuracy and damage with ranged weapons and melee attacks
   (+2).
   It makes you more stealthy.
 z - a +5 ring of dexterity
 A - an uncursed ring of protection from fire
 K - the ring "Veranais" (right hand) {-Tele rC+ Str+5 Dex+4 Stlth+}
   (You found it in the Dungeon)

   [ring of stealth]

   It affects your strength (+5).
   It affects your dexterity (+4).
   It protects you from cold.
   It prevents most forms of teleportation.
   It makes you more stealthy.
 O - the amulet of Kindness {+Rage rPois rF+ Dex+3}
   (You found it in the Dungeon)

   [amulet of rage]

   It affects your dexterity (+3).
   It protects you from fire.
   It protects you from poison.
   It lets you go berserk.
 S - the brooch of Shielding (around neck) {Reflect SH+8}
   (You found it in the Dungeon)

   [amulet of reflection]

   It shields you and reflects attacks.
   It affects your SH (+8).
 V - a +2 ring of slaying
Wands
 C - a wand of disintegration (7/24)
 D - a wand of iceblast (5/15)
 E - a wand of lightning (5/15)
 F - a wand of acid (5/15)
Scrolls
 k - 4 scrolls of blinking
 l - 8 scrolls of brand weapon
 n - 4 scrolls of amnesia
 o - 3 scrolls of recharging
 p - 8 scrolls of fog
 q - a scroll of holy word
 r - 4 scrolls of identify
 s - 5 scrolls of remove curse
 t - 2 scrolls of fear
 R - 4 scrolls of enchant weapon
 T - 9 scrolls of enchant armour
Potions
 a - 2 potions of brilliance
 b - 2 potions of invisibility
 c - 4 potions of resistance
 d - 5 potions of might
 e - 7 potions of curing
 g - 9 potions of heal wounds
 h - 10 potions of haste
 i - 7 potions of magic
 j - 3 potions of berserk rage
 m - 4 potions of agility
Comestibles
 f - 5 bread rations
 u - 42 fruits
 v - a meat ration
 P - 3 royal jellies


   Skills:
 O Level 27 Fighting
 O Level 27 Maces & Flails
 O Level 27 Armour
 O Level 27 Dodging
 O Level 27 Shields
 O Level 27 Invocations
 + Level 16.8 Evocations


You had 19 spell levels left.
You didn't know any spells.

Dungeon Overview and Level Annotations

Branches:
Dungeon (1/1)

Altars:
Ashenzari
Cheibriados
Dithmenos
Elyvilon
Fedhas
Gozag
Hepliaklqana
Kikubaaqudgha
Makhleb
Nemelex Xobeh
Okawaru
Qazlal
Ru
Sif Muna
Trog
Uskayaw
Vehumet
Wu Jian
Xom
Yredelemnul
Zin
The Shining One
Beogh
Jiyva
Lugonu


Innate Abilities, Weirdness & Mutations

You cannot be hasted, slowed, berserked, paralysed or teleported.
You can dig through walls and to a lower floor.
Your four strong arms can wield two-handed weapons with a shield.
You have a pair of large antennae on your head. (SInv)


Message History

You finish taking off the +0 cloak of Magic {Dex+2 Stlth+}.
You start putting on your armour.
You continue putting on your pitted scarf. x5
You finish putting on the scarf "Iclugy" {rF++ MR- Regen+ Slay+6}.
Unknown command.
Wear which item (? for menu, Esc to quit)
Okay, then.
You start resting.
HP restored.
You start waiting.
An exit appears before you!
Your surroundings seem different!
Found the Orb of Zot.
Found a staircase leading out of the dungeon.
You see here the Orb of Zot.
You pick up the Orb of Zot!
The Orb lets out a hideous shriek!
The lords of Pandemonium are not amused.
Beware!
Now all you have to do is get back out of the dungeon!
There is a staircase leading out of the dungeon here.
There is a staircase leading out of the dungeon here.
You have escaped!

......).....▓.....[)).....▓...8©8
....).[.....▓..▓.......▓..▓..:)..
.[...)†.....▓.............▓...)).
..)).†......▓.............▓...=).
....)†......▓.............▓..)...
....††......▓▓▓▓▓▓▓▓▓▓▓▓▓▓▓..)..(
▓.......▓...▓8888888888888▓....(.
▓▓.....▓▓▓..▓8....§......8▓....(.
▓.......▓...▓8.§@§.......8▓....(.
............▓8.§.........8▓....(.
............▓8888888888888▓▓▓▓▓▓▓
▓▓▓▓▓▓▓▓▓▓▓▓▓▓▓▓▓▓▓▓▓▓▓▓▓▓▓▓▓▓▓▓▓
.....8©8........▓........8©8.....
.)[}([[.")}})[}.▓.|)))[[..})=.[[.
):......=.[:=|).▓.[...!.}...)).)?
[..[......}.")≈.▓.[|.).=.}[..}||)
|.....}....(.=..▓...........)....


There were no monsters in sight!

Vanquished Creatures
  4 shard shrikes (shapeshifter) (D)
  5 greater mummies (D)
  3 caustic shrikes (shapeshifter) (D)
  A pandemonium lord (D)
  3 Ice Fiends (D)
  An iron giant (shapeshifter) (D)
  A lich (D)
  9 quicksilver dragons (D)
  5 deep elf blademasters (D)
  6 titans (shapeshifter) (D)
  3 Orb Guardians (D)
  4 deep elf master archers (D)
  A storm dragon (shapeshifter) (D)
  A shadow dragon (shapeshifter) (D)
  A storm dragon (D)
  A nagaraja (D)
  2 fire giants (D)
  8 iron dragons (D)
  3 deep elf sorcerers (D)
  An iron dragon (shapeshifter) (D)
  5 frost giants (D)
  An emperor scorpion (D)
  3 orc warlords (D)
  A ghost moth (D)
  3 spriggan defenders (D)
  8 stone giants (D)
  A stone giant (shapeshifter) (D)
  4 green draconians (D)
  An entropy weaver (shapeshifter) (D)
  2 apis (D)
  2 yellow draconians (D)
  2 purple draconians (D)
  A white draconian (D)
  A deep elf annihilator (D)
  2 red draconians (D)
  2 black draconians (D)
  7 crystal guardians (D)
  4 blizzard demons (D)
  7 mummy priests (D)
  A fire dragon (D)
  2 fire dragons (shapeshifter) (D)
  2 deep elf high priests (D)
  6 ice dragons (D)
  2 spriggan air magi (D)
  2 naga warriors (D)
  6 hydras (D)
  3 catoblepae (D)
  2 anacondas (D)
  An anaconda (shapeshifter) (D)
  6 dancing weapons (D)
  A two-headed ogre (D)
  4 hell hogs (D)
  An alligator (shapeshifter) (D)
  5 death scarabs (D)
  2 vampire magi (D)
  7 spriggan berserkers (D)
  A shock serpent (shapeshifter) (D)
  5 orc high priests (D)
  A soul eater (D)
  2 deep elf knights (D)
  4 iron golems (D)
  A death drake (shapeshifter) (D)
  An unseen horror (shapeshifter) (D)
  A skeletal warrior (D)
  A spriggan druid (D)
  2 swamp dragons (shapeshifter) (D)
  4 necromancers (D)
  3 orc knights (D)
  4 deep elf archers (D)
  5 deep elf magi (D)
  A lindwurm (shapeshifter) (D)
  2 mana vipers (shapeshifter) (D)
  An oklob plant (D)
  4 shambling mangroves (D)
  2 fauns (D)
  4 orc sorcerers (D)
  2 wolf spiders (D)
  3 draconians (D)
  A cyclops (D)
  2 moths of wrath (shapeshifter) (D)
  3 moths of wrath (D)
  3 black mambas (D)
  A salamander (shapeshifter) (D)
  2 water nymphs (shapeshifter) (D)
  An eye of devastation (shapeshifter) (D)
  3 guardian serpents (D)
  2 torpor snails (shapeshifter) (D)
  2 naga magi (D)
  4 gargoyles (D)
  6 spiny frogs (D)
  A yaktaur (shapeshifter) (D)
  4 rime drakes (D)
  10 ice devils (D)
  4 komodo dragons (D)
  2 dryads (D)
  9 freezing wraiths (D)
  3 efreet (D)
  A komodo dragon (shapeshifter) (D)
  11 guardian mummies (D)
  3 tormentors (D)
  A troll (D)
  A wind drake (D)
  9 polar bears (D)
  11 hornets (D)
  A wind drake (shapeshifter) (D)
  2 jumping spiders (D)
  A troll (shapeshifter) (D)
  2 hippogriffs (shapeshifter) (D)
  A blink frog (shapeshifter) (D)
  2 hippogriffs (D)
  A slime creature (shapeshifter) (D)
  A dream sheep (shapeshifter) (D)
  A blink frog (D)
  2 snapping turtles (shapeshifter) (D)
  4 flying skulls (D)
  6 redbacks (D)
  2 spriggans (shapeshifter) (D)
  6 yaks (D)
  2 water elementals (D)
  2 shadows (D)
  A tarantella (D)
  A human (shapeshifter) (D)
  2 yaks (shapeshifter) (D)
  2 ushabtiu (D)
  4 fire elementals (D)
  A basilisk (shapeshifter) (D)
  A fire bat (shapeshifter) (D)
  A golden eye (shapeshifter) (D)
  4 basilisks (D)
  A wyvern (shapeshifter) (D)
  A golden eye (D)
  A chaos spawn (D)
  3 wargs (D)
  6 water moccasins (D)
  A floating eye (D)
  4 orc warriors (D)
  9 hell hounds (D)
  A porcupine (D)
  4 ice beasts (D)
  3 phantoms (D)
  A necrophage (D)
  A black bear (shapeshifter) (D)
  3 ogres (D)
  5 crocodiles (D)
  2 bullfrogs (D)
  13 earth elementals (D)
  4 wights (D)
  2 crimson imps (D)
  3 quasits (D)
  2 iron imps (D)
  A jelly (D)
  A jelly (shapeshifter) (D)
  An orc wizard (D)
  19 mummies (D)
  4 adders (D)
  3 shadow imps (D)
  10 white imps (D)
  2 ufetubi (D)
  4 adder zombies (D)
  An ooze (D)
  3 adder skeletons (D)
  An adder simulacrum (D)
  9 bat skeletons (D)
  10 bat zombies (D)
  2 ball pythons (D)
  2 giant cockroach zombies (D)
  2 jackal skeletons (D)
  A leopard gecko simulacrum (D)
  2 leopard gecko skeletons (D)
  3 leopard gecko zombies (D)
  2 quokka skeletons (D)
  A quokka zombie (D)
  3 fire vortices (D)
537 creatures vanquished.

Notes
Turn   | Place    | Note
-------+----------+-------------------------------------------
     0 | D        | Loading the Formicid Fighter began the quest for the Orb.
     0 | D        | Reached XP level 1. HP: 18/18 MP: 1/1
    13 | D        | Found a deep blue altar of Sif Muna.
    13 | D        | Found a bloodstained altar of Trog.
    13 | D        | Found a sacrificial altar of Ru.
    13 | D        | Found a stormy altar of Qazlal.
    13 | D        | Found an iron altar of Okawaru.
    14 | D        | Found a sparkling altar of Nemelex Xobeh.
    14 | D        | Found a blossoming altar of Fedhas.
    16 | D        | Found an ancient bone altar of Kikubaaqudgha.
    16 | D        | Found a viscous altar of Jiyva.
    16 | D        | Found a corrupted altar of Lugonu.
    16 | D        | Found a hazy altar of Hepliaklqana.
    16 | D        | Found a burning altar of Makhleb.
    16 | D        | Found an opulent altar of Gozag.
   102 | D        | Became a worshipper of Qazlal Stormbringer
   103 | D        | Reached XP level 2. HP: 24/24 MP: 2/2
   117 | D        | Entered arena 1.
   120 | D        | Reached skill level 1 in Invocations
   122 | D        | Reached XP level 3. HP: 29/29 MP: 2/4
   150 | D        | Entered arena 2.
   156 | D        | Reached * piety under Qazlal
   156 | D        | Reached skill level 1 in Dodging
   220 | D        | Got the ring "Veranais" {-Tele rC+ Str+5 Dex+4 Stlth+}
   222 | D        | Got the ring "Muwem" {*Slow rF+ Int+4}
   326 | D        | Entered arena 3.
   326 | D        | Noticed a deep elf archer
   326 | D        | Noticed a deep elf mage
   326 | D        | Noticed a scimitar of flaming
   326 | D        | Noticed a deep elf mage
   334 | D        | Killed a deep elf mage
   334 | D        | Reached ** piety under Qazlal
   334 | D        | Reached skill level 10 in Maces & Flails
   334 | D        | Reached skill level 5 in Armour
   334 | D        | Reached XP level 4. HP: 32/40 MP: 4/9
   334 | D        | Reached XP level 5. HP: 36/46 MP: 4/10
   334 | D        | Reached XP level 6. HP: 41/52 MP: 4/11
   334 | D        | Reached XP level 7. HP: 46/58 MP: 4/12
   341 | D        | Noticed a fire elemental
   345 | D        | Killed a scimitar of flaming
   345 | D        | Reached skill level 5 in Dodging
   345 | D        | Reached XP level 8. HP: 36/67 MP: 5/15
   346 | D        | Killed a deep elf archer
   346 | D        | Reached skill level 10 in Invocations
   346 | D        | Reached XP level 9. HP: 38/73 MP: 5/17
   346 | D        | Killed a deep elf mage
   346 | D        | Reached *** piety under Qazlal
   700 | D        | Entered arena 4.
   757 | D        | Entered arena 5.
   759 | D        | Reached **** piety under Qazlal
   874 | D        | Entered arena 6.
   874 | D        | Noticed a white draconian
   874 | D        | Noticed a draconian
   874 | D        | Noticed a black draconian
   874 | D        | Noticed a draconian
   874 | D        | Noticed a draconian
   874 | D        | Noticed a yellow draconian
   879 | D        | Killed a draconian
   879 | D        | Reached XP level 10. HP: 69/82 MP: 11/19
   882 | D        | Killed a black draconian
   882 | D        | Reached ***** piety under Qazlal
   882 | D        | Reached skill level 10 in Shields
   883 | D        | Killed a draconian
   884 | D        | Killed a yellow draconian
   885 | D        | Killed a draconian
   888 | D        | Killed a white draconian
   888 | D        | Reached skill level 10 in Fighting
   888 | D        | Reached skill level 10 in Armour
   888 | D        | Reached XP level 11. HP: 59/90 MP: 13/21
   947 | D        | Got the amulet of Kindness {+Rage rPois rF+ Dex+3}
  1013 | D        | Entered arena 7.
  1217 | D        | Entered arena 8.
  1226 | D        | Reached ****** piety under Qazlal
  1256 | D        | Entered arena 9.
  1256 | D        | Noticed Udeaxea the pandemonium lord
  1256 | D        | Noticed a soul eater
  1258 | D        | Killed a soul eater
  1258 | D        | Reached skill level 15 in Invocations
  1265 | D        | Noticed an Ice Fiend
  1279 | D        | Noticed a Tzitzimitl
  1279 | D        | Killed Udeaxea the pandemonium lord
  1279 | D        | Reached skill level 15 in Maces & Flails
  1647 | D        | Entered arena 10.
  1649 | D        | Reached XP level 12. HP: 95/100 MP: 23/23
  1736 | D        | Entered arena 11.
  1780 | D        | Entered arena 12.
  1780 | D        | Noticed a deep elf master archer
  1780 | D        | Noticed a deep elf high priest
  1780 | D        | Noticed a deep elf master archer
  1780 | D        | Noticed a deep elf blademaster
  1781 | D        | Noticed a short sword of draining
  1781 | D        | Noticed a deep elf blademaster
  1781 | D        | Noticed a deep elf sorcerer
  1782 | D        | Noticed a mace of distortion
  1783 | D        | Killed a short sword of draining
  1783 | D        | Killed a deep elf high priest
  1783 | D        | Killed a deep elf master archer
  1784 | D        | Killed a deep elf blademaster
  1784 | D        | Reached skill level 10 in Dodging
  1784 | D        | Killed a mace of distortion
  1784 | D        | Killed a deep elf master archer
  1784 | D        | Reached XP level 13. HP: 50/109 MP: 17/26
  1785 | D        | Killed a deep elf blademaster
  1787 | D        | Killed a deep elf sorcerer
  2165 | D        | Entered arena 13.
  2391 | D        | Entered arena 14.
  2392 | D        | Noticed a lich
  2399 | D        | Killed a lich
  2546 | D        | Entered arena 15.
  2547 | D        | Noticed an emperor scorpion
  2547 | D        | Noticed a ghost moth
  2549 | D        | Killed a ghost moth
  2549 | D        | Reached skill level 15 in Shields
  2549 | D        | Reached XP level 14. HP: 121/121 MP: 12/27
  2549 | D        | Killed an emperor scorpion
  2549 | D        | Reached skill level 15 in Fighting
  2754 | D        | Entered arena 16.
  2756 | D        | Noticed a green draconian
  2756 | D        | Noticed a purple draconian
  2756 | D        | Noticed an Orb Guardian
  2756 | D        | Noticed a green draconian
  2756 | D        | Noticed an Orb Guardian
  2756 | D        | Noticed a red draconian
  2757 | D        | Noticed a yellow draconian
  2757 | D        | Noticed a storm dragon
  2757 | D        | Noticed an Orb Guardian
  2757 | D        | Noticed a black draconian
  2757 | D        | Noticed a purple draconian
  2758 | D        | Noticed a green draconian
  2758 | D        | Noticed a red draconian
  2758 | D        | Noticed a green draconian
  2758 | D        | Killed a black draconian
  2758 | D        | Killed a green draconian
  2758 | D        | Killed a green draconian
  2758 | D        | Killed an Orb Guardian
  2758 | D        | Killed an Orb Guardian
  2758 | D        | Killed a red draconian
  2758 | D        | Killed a green draconian
  2758 | D        | Killed a red draconian
  2758 | D        | Killed a storm dragon
  2758 | D        | Reached skill level 15 in Armour
  2758 | D        | Killed a purple draconian
  2761 | D        | Killed an Orb Guardian
  2764 | D        | Killed a green draconian
  2765 | D        | Killed a yellow draconian
  2771 | D        | Killed a purple draconian
  2771 | D        | Reached XP level 15. HP: 68/134 MP: 23/29
  2978 | D        | Entered arena 17.
  2981 | D        | Noticed a nagaraja
  2987 | D        | Killed a nagaraja
  3193 | D        | Entered arena 18.
  3195 | D        | Noticed a deep elf blademaster
  3196 | D        | Noticed a deep elf blademaster
  3196 | D        | Noticed a deep elf blademaster
  3196 | D        | Noticed a deep elf sorcerer
  3197 | D        | Noticed a deep elf master archer
  3197 | D        | Noticed a deep elf master archer
  3197 | D        | Noticed a deep elf sorcerer
  3198 | D        | Killed a deep elf sorcerer
  3203 | D        | Killed a deep elf sorcerer
  3203 | D        | Killed a deep elf master archer
  3203 | D        | Killed a deep elf master archer
  3203 | D        | Killed a deep elf blademaster
  3208 | D        | Killed a deep elf blademaster
  3211 | D        | Killed a deep elf blademaster
  3275 | D        | Entered arena 19.
  3280 | D        | Noticed a fire giant
  3280 | D        | Noticed a fire giant
  3281 | D        | Reached XP level 16. HP: 145/145 MP: 31/31
  3281 | D        | Killed a fire giant
  3281 | D        | Killed a fire giant
  3327 | D        | Got the +0 cloak of Magic {Dex+2 Stlth+}
  3340 | D        | Entered arena 20.
  3724 | D        | Got the ring of Fedhas's Approval {rCorr Slay+2}
  3742 | D        | Got the ring of the Townfolk {rF+ MR+ Str-2 Int+4 Dex-5}
  3754 | D        | Entered arena 21.
  3758 | D        | Identified the +3 quarterstaff "Eshasyn" {crush, rElec}
  3759 | D        | Reached skill level 15 in Dodging
  3778 | D        | Got the ring "Etotreak" {rN+ Str+2}
  3864 | D        | Entered arena 22.
  3872 | D        | Reached XP level 17. HP: 140/155 MP: 32/34
  3926 | D        | Entered arena 23.
  3937 | D        | Reached skill level 27 in Invocations
  4008 | D        | Got the +1 pair of boots of Sant {Str+2 Dex+6}
  4015 | D        | Got the ring "Veliu" {*Slow rC+ Str+8 Int-2 Dex+9}
  4101 | D        | Entered arena 24.
  4106 | D        | Noticed an Ice Fiend
  4107 | D        | Noticed an Ice Fiend
  4108 | D        | Killed an Ice Fiend
  4109 | D        | Noticed an Ice Fiend
  4110 | D        | Killed an Ice Fiend
  4110 | D        | Reached XP level 18. HP: 95/168 MP: 27/35
  4110 | D        | Killed an Ice Fiend
  4176 | D        | Got the ring of Recklessness {rN+ Int+4}
  4199 | D        | Got the ring of the Monkey {Int+2 Dex+6 Slay+2 Stlth+}
  4303 | D        | Entered arena 25.
  4311 | D        | Noticed a quicksilver dragon
  4311 | D        | Noticed a quicksilver dragon
  4311 | D        | Noticed a quicksilver dragon
  4312 | D        | Noticed a quicksilver dragon
  4312 | D        | Noticed a quicksilver dragon
  4312 | D        | Noticed a quicksilver dragon
  4312 | D        | Noticed a quicksilver dragon
  4313 | D        | Noticed a quicksilver dragon
  4314 | D        | Killed a quicksilver dragon
  4314 | D        | Killed a quicksilver dragon
  4314 | D        | Killed a quicksilver dragon
  4314 | D        | Killed a quicksilver dragon
  4315 | D        | Reached skill level 27 in Maces & Flails
  4315 | D        | Killed a quicksilver dragon
  4315 | D        | Killed a quicksilver dragon
  4315 | D        | Killed a quicksilver dragon
  4315 | D        | Killed a quicksilver dragon
  4316 | D        | Noticed a quicksilver dragon
  4318 | D        | Killed a quicksilver dragon
  4318 | D        | Reached XP level 19. HP: 180/180 MP: 21/36
  4438 | D        | Entered arena 26.
  4447 | D        | Noticed a greater mummy
  4447 | D        | Noticed a greater mummy
  4447 | D        | Noticed a greater mummy
  4448 | D        | Noticed a greater mummy
  4449 | D        | Noticed a greater mummy
  4449 | D        | Killed a greater mummy
  4449 | D        | Killed a greater mummy
  4449 | D        | Killed a greater mummy
  4449 | D        | Killed a greater mummy
  4455 | D        | Killed a greater mummy
  4469 | D        | Reached skill level 27 in Shields
  4969 | D        | Entered arena 27.
  4978 | D        | Noticed a juggernaut
  4978 | D        | Noticed a shard shrike
  4978 | D        | Noticed a shard shrike
  4978 | D        | Noticed a titan
  4978 | D        | a shard shrike changed into a titan
  4979 | D        | Noticed a titan
  4979 | D        | Noticed a titan
  4979 | D        | Noticed a golden dragon
  4979 | D        | Noticed a juggernaut
  4979 | D        | Noticed a shard shrike
  4979 | D        | a glowing shapeshifter changed into a shard shrike
  4979 | D        | Noticed a shard shrike
  4979 | D        | a juggernaut changed into a shard shrike
  4979 | D        | Noticed a juggernaut
  4979 | D        | a shard shrike changed into a juggernaut
  4979 | D        | a titan changed into a shadow dragon
  4980 | D        | Noticed a titan
  4980 | D        | a shard shrike changed into an iron dragon
  4980 | D        | Noticed a golden dragon
  4980 | D        | a juggernaut changed into a golden dragon
  4981 | D        | Noticed a titan
  4981 | D        | Killed a titan
  4981 | D        | Killed a titan
  4981 | D        | Reached skill level 27 in Fighting
  4981 | D        | Killed a titan
  4981 | D        | Reached XP level 20. HP: 197/197 MP: 37/37
  4981 | D        | a golden dragon changed into an acid blob
  4981 | D        | Noticed a shard shrike
  4981 | D        | a juggernaut changed into a shard shrike
  4981 | D        | Noticed a juggernaut
  4982 | D        | Killed a shard shrike
  4984 | D        | Noticed a shard shrike
  4984 | D        | a juggernaut changed into a titan
  4984 | D        | a shard shrike changed into a titan
  4985 | D        | Reached skill level 27 in Armour
  4985 | D        | Noticed a caustic shrike
  4985 | D        | a titan changed into a caustic shrike
  4985 | D        | Noticed a caustic shrike
  4985 | D        | a titan changed into a caustic shrike
  4985 | D        | Noticed a shard shrike
  4985 | D        | an acid blob changed into a shard shrike
  4985 | D        | Noticed an iron giant
  4985 | D        | a golden dragon changed into an iron giant
  4986 | D        | Killed a caustic shrike
  4986 | D        | Killed a shard shrike
  4987 | D        | Killed an iron giant
  4989 | D        | Noticed a juggernaut
  4989 | D        | a caustic shrike changed into a juggernaut
  4990 | D        | Noticed a caustic shrike
  4990 | D        | Noticed a shard shrike
  4990 | D        | Killed a shard shrike
  4990 | D        | Reached skill level 27 in Dodging
  4992 | D        | Noticed a shard shrike
  4992 | D        | a juggernaut changed into a shard shrike
  4993 | D        | a shard shrike changed into a titan
  4993 | D        | a caustic shrike changed into an iron dragon
  4994 | D        | Noticed a caustic shrike
  4994 | D        | an iron dragon changed into a caustic shrike
  4998 | D        | Noticed a golden dragon
  4998 | D        | an iron dragon changed into a golden dragon
  4999 | D        | Killed a shard shrike
  4999 | D        | Killed a caustic shrike
  5001 | D        | Noticed a juggernaut
  5001 | D        | a titan changed into a juggernaut
  5001 | D        | Noticed an iron giant
  5001 | D        | a golden dragon changed into an iron giant
  5003 | D        | Noticed a caustic shrike
  5003 | D        | an acid blob changed into a caustic shrike
  5004 | D        | a juggernaut changed into a titan
  5004 | D        | an iron giant changed into a shadow dragon
  5006 | D        | Killed a caustic shrike
  5008 | D        | Reached skill level 15 in Evocations
  5131 | D        | Got a pitted scarf
  5142 | D        | Identified the scarf "Iclugy" {rF++ MR- Regen+ Slay+6} (You acquired it in the Dungeon)
  5203 | D        | Got the Orb of Zot
  5210 | D        | Escaped with the Orb!

Vault maps used:
D:        sprint_v

Skill      XL: |  1  2  3  4  5  6  7  8  9 10 11 12 13 14 15 16 17 18 19 20 |
---------------+-------------------------------------------------------------+-----
Maces & Flails | 7 10 11 12 14 15 16 18 20 21 23 25 27 | 27.0
Invocations    | 1 7 9 10 12 14 15 18 19 21 23 26 27 | 27.0
Dodging        | 3 5 6 7 9 10 11 12 14 15 17 19 22 27 | 27.0
Shields        | 6 7 8 9 11 12 13 15 16 18 19 21 24 27 | 27.0
Fighting       | 6 7 8 10 11 12 14 17 18 20 21 24 27 | 27.0
Armour         | 5 7 8 10 11 12 13 15 16 18 20 23 26 27 | 27.0
Evocations     | 16 | 16.8

Action                   |  1- 3 |  4- 6 |  7- 9 | 10-12 | 13-15 | 16-18 | 19-21 || total
-------------------------+-------+-------+-------+-------+-------+-------+-------++-------
Melee: Great mace        |    15 |       |    27 |    51 |    45 |    26 |    64 ||   228
Invok: Elemental Force   |       |       |     2 |       |       |       |       ||     2
       Disaster Area     |       |       |       |     4 |     9 |    11 |     7 ||    31
  Use: Potion            |     2 |       |     2 |     5 |     1 |       |     5 ||    15
       Scroll            |       |       |     1 |       |       |     9 |     1 ||    11
 Stab: Petrified         |       |       |       |       |       |     2 |       ||     2
  Eat: Meat ration       |       |       |       |     1 |     1 |       |     1 ||     3
       Chunk             |       |       |       |     1 |       |       |       ||     1
Armor: Gold dragon scale |    14 |       |    32 |    41 |    12 |    12 |    24 ||   135
Dodge: Dodged            |       |       |     1 |    14 |     7 |     5 |    16 ||    43
       Deflected         |       |       |       |     1 |       |     2 |     1 ||     4
Block: Shield            |    33 |       |    74 |   117 |    94 |    52 |    96 ||   466
       Reflection        |       |       |       |       |       |    12 |     2 ||    14
       Rpst.: Great mace |       |       |       |       |       |       |     2 ||     2
